cohdb
Replays
Latest Replays
All Replays
Popular Replays
Top Player Replays
Match Explorer
How It Works
Community
CoH3 Stats
Reddit
Sign in to upload your games and track your stats! →
Sign in with Steam
Match 42469182
Unlisted
Match 42469182
Overview
Messages
Build Orders
End
Construct Infanterie Kompanie
Selects Terror Battlegroup
Selects Machine Gun Camouflage
MG 42 Machine Gun Team
Grenadier Squad
GrW 34 Mortar Team
Grenadier Squad
Infanterie Officer Quarters
Selects Interrogate
Grenadier Squad
Construct Panzergrenadier Kompanie
Pak 40 Anti-tank Gun Team
Construct Panzer Kompanie
Selects Jericho Trumpet
Jericho Trumpet
Panzer Officer Quarters
Medical Station
Stoßtruppen Squad
Jericho Trumpet
Stoßtruppen Squad
Selects V1 Rocket Strike
Phan
Dark Angels
Tirant
shadow 2
badger2
Simplify
wapple925602
Monseigneur
0
0
Comments
sign in to comment!
No comments posted yet!